NULL
Full Scoreboard »»

Canucks vs Jets

Created - April 11, 2024 at 22:14

Goals
1 2 3 T
Canucks 1 3 1 5
Jets 0 2 1 3
Shots
1 2 3 T
Canucks 10 11 15 36
Jets 13 20 10 43

GoalsPenalties
1st period
1. Canucks , Kyle Palmieri 27 (Andrew Copp 29, Quinn Hughes 38) at 17:11 (PP)
Conor Garland (WPG) for Delaying the game (Minor) at 16:33
2nd period
2. Jets , Sam Reinhart 22 (Vince Dunn 22) at 1:05
3. Jets , Zach Aston-Reese 2 (Chris Tierney 3, Jonas Brodin 15) at 9:20
4. Canucks , Noah Cates 14 (David Kampf 9, Justin Schultz 16) at 11:08
5. Canucks , Noah Cates 15 (Andrew Copp 30, Ryan McDonagh 18) at 12:46
6. Canucks , Nikita Kucherov 36 (Timo Meier 30, John Tavares 36) at 15:14 (PP)
Tanner Pearson (VAN) for Goalie Interference (Minor) at 5:39
Sam Gagner (WPG) for Boarding (Minor) at 13:41
Quinn Hughes (VAN) for Tripping (Minor) at 16:31
3rd period
7. Canucks , Andrew Copp 22 (Kyle Palmieri 33, Tanner Pearson 30) at 0:08
8. Jets , Mark Scheifele 21 (Sam Reinhart 30, Vince Dunn 23) at 11:31
Justin Schultz (VAN) for Interference (Minor) at 17:14
Goalie Stats
Joonas Korpisalo (VAN), 40 saves from 43 shots - (0.930), W, 27-17-4, 60:00 minutes
Mackenzie Blackwood (WPG), 18 saves from 23 shots - (0.783), L, 2-11-3, 40:08 minutes
Ville Husso (WPG), 13 saves from 13 shots - (1.000), 19:52 minutes
3 StarsOfficial
1 - Noah Cates (VAN)
2 - Andrew Copp (VAN)
3 - Sam Reinhart (WPG)
Referees : Unknown
Linesman : Unknown
Game Note
Ville Husso enters game at 0:08 of 3rd period



Team Name Goals Shots Shots Attemp Shots Blocked PIM HIT PP PK FO%
Canucks 53665116282 / 2 (100%)041%
Jets 34371114280 / 3 (0%)259%

Canucks
Player Name POS G A P +/- PIM HIT SHT SB MP PP MP PP SHT PK MP PK SHT FO% FOT GA TA
Alec MartinezD0000001218:270:0003:3400% 000
Alexander KerfootLW/RW0001011117:450:0002:460100% 100
Andrei KuzmenkoLW/RW000001217:390:0000:2600% 000
Andrew CoppC1230018015:320:3400:00042% 1900
Anthony DuclairLW/RW000001107:120:0000:0700% 000
Damon SeversonD0000021121:010:0002:4900% 011
David KampfC/RW0111020019:250:0002:54050% 2011
John KlingbergD0000001120:010:3800:4200% 010
John TavaresC011-1020014:471:3700:00027% 1100
Justin SchultzD0110200219:231:3302:2600% 010
Kyle PalmieriLW/RW1120018015:320:3420:000100% 100
Nikita KucherovLW/RW101-1022014:471:3710:00050% 201
Noah CatesLW2021033019:250:0002:5400% 200
Quinn HughesD0110202217:230:3800:0000% 000
Ryan McDonaghD0110011124:171:3302:2300% 001
Tanner PearsonLW/RW0110244017:030:3400:00067% 310
Timo MeierLW/RW011-1051014:471:3700:0000% 001
Trent FredericC/LW/RW000002009:340:0002:4700% 400
Jets
Player Name POS G A P +/- PIM HIT SHT SB MP PP MP PP SHT PK MP PK SHT FO% FOT GA TA
Anthony BeauvillierLW0002022115:480:0000:1600% 001
Blake LizotteC000100318:040:0000:00075% 400
Casey MittelstadtC/LW/RW000-1006019:053:0020:00075% 1220
Chris TierneyC/LW/RW011101007:400:0000:0000% 000
Conor GarlandLW/RW000-2254017:183:0000:0000% 000
Esa LindellD0001020218:350:0000:5400% 000
Jonas BrodinD0111011120:382:5710:0000% 010
Jordan StaalC/LW/RW000-2011017:002:5701:13050% 2000
Josh BaileyC/LW/RW000-1032115:180:0000:3600% 110
Kyle ConnorLW000-2026015:472:5700:0000% 100
Mark ScheifeleC1012016120:383:0000:58067% 2110
Matt RoyD000-1030019:532:5701:1700% 003
Nick LeddyD0000001122:263:0000:5400% 000
Nikita ZaitsevD000-1010116:560:0001:1700% 000
Sam GagnerC/LW/RW000-1210014:380:0000:21050% 200
Sam ReinhartC/RW1122006117:532:5700:0000% 200
Vince DunnD0220034121:323:0000:0000% 001
Zach Aston-ReeseC/LW/RW101102108:380:0000:5800% 000

Canucks

5 vs 5 Forward
Line #Left WingCenterRight WingPHYDFOFWanted %Time %Time Play
1Timo MeierJohn TavaresNikita Kucherov1223029%15:08
2Kyle PalmieriAndrew CoppTanner Pearson1223029%15:06
3Noah CatesDavid KampfAlexander Kerfoot1223029%14:59
4Andrei KuzmenkoTrent FredericAnthony Duclair1221013%6:39
5 vs 5 Defense
Line #DefenseDefensePHYDFOFWanted %Time %Time Play
1Quinn HughesDamon Severson1223536%18:44
2Ryan McDonaghJohn Klingberg1223535%18:15
3Justin SchultzAlec Martinez1223029%14:53
4Quinn HughesDamon Severson12200%0:00
Power Play Forward
Line #Left WingCenterRight WingPHYDFOFWanted %Time %Time Play
1Timo MeierJohn TavaresNikita Kucherov1225074%1:37
2Kyle PalmieriAndrew CoppTanner Pearson1225026%0:34
Power Play Defense
Line #DefenseDefensePHYDFOFWanted %Time %Time Play
1Quinn HughesJohn Klingberg1225029%0:38
2Ryan McDonaghJustin Schultz1225071%1:33
Penalty Kill 4 Players Forward
Line #CenterWingPHYDFOFWanted %Time %Time Play
1David KampfNoah Cates1225051%3:01
2Trent FredericAlexander Kerfoot1225049%2:56
Penalty Kill 4 Players Defense
Line #DefenseDefensePHYDFOFWanted %Time %Time Play
1Ryan McDonaghDamon Severson1225040%2:23
2Alec MartinezJustin Schultz1225060%3:34
Penalty Kill 3 Players
Line #WingPHYDFOFWanted %Time %Time PlayDefenseDefensePHYDFOFWanted %Time %Time Play
1Timo Meier122500%0:00 Quinn HughesDamon Severson122500%0:00
2John Tavares122500%0:00 Ryan McDonaghJohn Klingberg122500%0:00
4 vs 4 Forward
Line #CenterWingPHYDFOFWanted %Time %Time Play
1Timo MeierJohn Tavares122500%0:00
2Nikita KucherovKyle Palmieri122500%0:00
4 vs 4 Defense
Line #DefensePHYDFOFWanted %Time %Time Play
1Quinn HughesDamon Severson122500%0:00
2Ryan McDonaghJohn Klingberg122500%0:00
Last Minutes Offensive
Left WingCenterRight WingDefenseDefense
Timo MeierJohn TavaresNikita KucherovQuinn HughesDamon Severson
Last Minutes Defensive
Left WingCenterRight WingDefenseDefense
Timo MeierJohn TavaresNikita KucherovQuinn HughesDamon Severson
Time
Total ForwardTotal DefenseLast Minutes OffensiveLast Minutes Defensive
60:00 60:00 0:000:00
Extra Forwards
Normal PowerPlayPenalty Kill
Noah Cates, Alexander Kerfoot, Andrei KuzmenkoNoah Cates, Alexander KerfootAndrei Kuzmenko
Extra Defensemen
Normal PowerPlayPenalty Kill
Justin Schultz, Alec Martinez, Ryan McDonaghJustin Schultz, Alec MartinezRyan McDonagh
Penalty Shots
Timo Meier, John Tavares, Nikita Kucherov, Kyle Palmieri, Andrew Copp
Goalie
Joonas Korpisalo, Craig Anderson
Custom OT Lines Forwards
Timo Meier, John Tavares, Nikita Kucherov, Kyle Palmieri, Andrew Copp, Tanner Pearson, Noah Cates, Alexander Kerfoot, Andrei Kuzmenko, Anthony Duclair
Custom OT Lines Defensemen
Quinn Hughes, Damon Severson, Ryan McDonagh, John Klingberg, Justin Schultz
Scratches
Mattias Janmark (Healthy), Noah Gregor (Healthy), Tyler Pitlick (Healthy)

Jets

5 vs 5 Forward
Line #Left WingCenterRight WingPHYDFOFWanted %Time %Time Play
1Anthony BeauvillierMark ScheifeleSam Reinhart0233130%15:35
2Kyle ConnorJordan StaalConor Garland0233128%14:19
3Sam GagnerCasey MittelstadtJosh Bailey1223028%14:18
4Zach Aston-ReeseBlake LizotteChris Tierney131815%7:40
5 vs 5 Defense
Line #DefenseDefensePHYDFOFWanted %Time %Time Play
1Nick LeddyVince Dunn1223636%18:32
2Jonas BrodinEsa Lindell1313434%17:41
3Matt RoyNikita Zaitsev1313030%15:39
4Vince DunnJonas Brodin12200%0:00
Power Play Forward
Line #Left WingCenterRight WingPHYDFOFWanted %Time %Time Play
1Kyle ConnorJordan StaalSam Reinhart0235050%2:57
2Casey MittelstadtMark ScheifeleConor Garland0235050%3:00
Power Play Defense
Line #DefenseDefensePHYDFOFWanted %Time %Time Play
1Nick LeddyVince Dunn0235050%3:00
2Jonas BrodinMatt Roy0235050%2:57
Penalty Kill 4 Players Forward
Line #CenterWingPHYDFOFWanted %Time %Time Play
1Jordan StaalSam Gagner1315056%1:13
2Mark ScheifeleZach Aston-Reese1315044%0:58
Penalty Kill 4 Players Defense
Line #DefenseDefensePHYDFOFWanted %Time %Time Play
1Matt RoyNikita Zaitsev1405059%1:17
2Nick LeddyEsa Lindell1405041%0:54
Penalty Kill 3 Players
Line #WingPHYDFOFWanted %Time %Time PlayDefenseDefensePHYDFOFWanted %Time %Time Play
1Jordan Staal131500%0:00 Matt RoyNikita Zaitsev140500%0:00
2Blake Lizotte131500%0:00 Nick LeddyEsa Lindell140500%0:00
4 vs 4 Forward
Line #CenterWingPHYDFOFWanted %Time %Time Play
1Jordan StaalKyle Connor023500%0:00
2Mark ScheifeleSam Reinhart023500%0:00
4 vs 4 Defense
Line #DefensePHYDFOFWanted %Time %Time Play
1Nick LeddyVince Dunn023500%0:00
2Jonas BrodinEsa Lindell023500%0:00
Last Minutes Offensive
Left WingCenterRight WingDefenseDefense
Anthony BeauvillierMark ScheifeleSam ReinhartJonas BrodinMatt Roy
Last Minutes Defensive
Left WingCenterRight WingDefenseDefense
Kyle ConnorJordan StaalConor GarlandNick LeddyVince Dunn
Time
Total ForwardTotal DefenseLast Minutes OffensiveLast Minutes Defensive
60:00 60:00 0:000:00
Extra Forwards
Normal PowerPlayPenalty Kill
Anthony Beauvillier, Blake Lizotte, Josh BaileyAnthony Beauvillier, Blake LizotteJosh Bailey
Extra Defensemen
Normal PowerPlayPenalty Kill
Nick Leddy, Nikita Zaitsev, Matt RoyNick Leddy, Nikita ZaitsevMatt Roy
Penalty Shots
Conor Garland, Jordan Staal, Casey Mittelstadt, Sam Reinhart, Sam Gagner
Goalie
Mackenzie Blackwood, Ville Husso
Custom OT Lines Forwards
Mark Scheifele, Kyle Connor, Sam Reinhart, Jordan Staal, Conor Garland, Anthony Beauvillier, Casey Mittelstadt, Blake Lizotte, Josh Bailey, Sam Gagner
Custom OT Lines Defensemen
Vince Dunn, Jonas Brodin, Matt Roy, Esa Lindell, Nick Leddy
Scratches
Jordan Oesterle (Healthy), Tomas Nosek (Healthy)


Play-by-Play

1st period


0:01 of 1st period - Mark Scheifele wins face-off versus John Tavares in neutral zone.
0:26 of 1st period - Andrew Copp is hit by Vince Dunn and loses puck.
1:06 of 1st period - Wrist shot by Blake Lizotte.
1:06 of 1st period - Stopped by Joonas Korpisalo with a rebound.
1:30 of 1st period - Snap shot by Nikita Kucherov.
1:30 of 1st period - Shot Misses the Net.
1:45 of 1st period - Icing by Jonas Brodin.
1:46 of 1st period - Mark Scheifele wins face-off versus Andrew Copp in Jets zone.
2:31 of 1st period - Timo Meier is hit by Esa Lindell and loses puck.
3:28 of 1st period - Snap shot by Kyle Palmieri.
3:28 of 1st period - Stopped by Mackenzie Blackwood without a rebound.
3:29 of 1st period - Jordan Staal wins face-off versus Trent Frederic in Jets zone.
3:29 of 1st period - Jordan Staal is hit by Andrei Kuzmenko.
3:41 of 1st period - Snap shot by Andrei Kuzmenko.
3:41 of 1st period - Shot Misses the Net.
3:43 of 1st period - Wrist shot by Trent Frederic.
3:43 of 1st period - Shot Misses the Net.
4:24 of 1st period - Tanner Pearson is hit by Mark Scheifele and loses puck.
5:29 of 1st period - Snap shot by Josh Bailey.
5:29 of 1st period - Stopped by Joonas Korpisalo with a rebound.
5:31 of 1st period - Slapshot by Jonas Brodin.
5:31 of 1st period - Shot Blocked by Andrei Kuzmenko.
5:41 of 1st period - Kyle Palmieri is hit by Anthony Beauvillier.
6:20 of 1st period - Jonas Brodin is hit by Noah Cates and loses puck.
6:31 of 1st period - Esa Lindell is hit by David Kampf and loses puck.
7:04 of 1st period - Snap shot by Kyle Connor.
7:04 of 1st period - Stopped by Joonas Korpisalo with a rebound.
7:20 of 1st period - Sam Reinhart is hit by Timo Meier and loses puck.
7:41 of 1st period - David Kampf is hit by Josh Bailey and loses puck.
8:04 of 1st period - Slapshot by Anthony Duclair.
8:04 of 1st period - Stopped by Mackenzie Blackwood with a rebound.
8:24 of 1st period - Matt Roy is hit by Tanner Pearson and loses puck.
9:51 of 1st period - Snap shot by Kyle Connor.
9:51 of 1st period - Shot Blocked by John Klingberg.
9:53 of 1st period - Snap shot by Conor Garland.
9:53 of 1st period - Shot Misses the Net.
10:03 of 1st period - Snap shot by Conor Garland.
10:03 of 1st period - Stopped by Joonas Korpisalo with a rebound.
10:05 of 1st period - Wrist shot by Kyle Connor.
10:05 of 1st period - Stopped by Joonas Korpisalo without a rebound.
10:06 of 1st period - Casey Mittelstadt wins face-off versus Noah Cates in Canucks zone.
10:42 of 1st period - Snap shot by Sam Reinhart.
10:42 of 1st period - Deflect By Mark Scheifele.
10:42 of 1st period - Stopped by Joonas Korpisalo without a rebound.
10:43 of 1st period - Mark Scheifele wins face-off versus Andrew Copp in Canucks zone.
10:50 of 1st period - Snap shot by Mark Scheifele.
10:50 of 1st period - Stopped by Joonas Korpisalo with a rebound.
10:58 of 1st period - Snap shot by Mark Scheifele.
10:58 of 1st period - Deflect By Sam Reinhart.
10:58 of 1st period - Shot Misses the Net.
10:58 of 1st period - Puck is out of play.
10:59 of 1st period - David Kampf wins face-off versus Casey Mittelstadt in Canucks zone.
11:14 of 1st period - Snap shot by Casey Mittelstadt.
11:14 of 1st period - Shot Misses the Net.
11:51 of 1st period - Snap shot by Andrei Kuzmenko.
11:51 of 1st period - Shot Misses the Net.
11:58 of 1st period - Icing by Jordan Staal.
11:59 of 1st period - Andrew Copp wins face-off versus Jordan Staal in Jets zone.
12:06 of 1st period - Conor Garland is hit by Tanner Pearson and loses puck.
12:27 of 1st period - Slapshot by Alexander Kerfoot.
12:27 of 1st period - Stopped by Mackenzie Blackwood with a rebound.
12:29 of 1st period - Slapshot by Alec Martinez.
12:29 of 1st period - Stopped by Mackenzie Blackwood with a rebound.
12:51 of 1st period - Wrist shot by Sam Reinhart.
12:51 of 1st period - Stopped by Joonas Korpisalo without a rebound.
12:52 of 1st period - Mark Scheifele wins face-off versus Andrew Copp in Canucks zone.
12:55 of 1st period - Backhand shot by Mark Scheifele.
12:55 of 1st period - Stopped by Joonas Korpisalo with a rebound.
13:06 of 1st period - Off-side.
13:07 of 1st period - David Kampf wins face-off versus Casey Mittelstadt in neutral zone.
13:32 of 1st period - Nikita Kucherov is hit by Jordan Staal and loses puck.
14:09 of 1st period - Kyle Palmieri is hit by Vince Dunn and loses puck.
14:22 of 1st period - Slapshot by Jonas Brodin.
14:22 of 1st period - Shot Misses the Net.
14:42 of 1st period - Nikita Kucherov is hit by Josh Bailey and loses puck.
15:03 of 1st period - Conor Garland is hit by Anthony Duclair and loses puck.
15:26 of 1st period - Wrist shot by Tanner Pearson.
15:26 of 1st period - Stopped by Mackenzie Blackwood with a rebound.
15:30 of 1st period - Wrist shot by Kyle Palmieri.
15:30 of 1st period - Stopped by Mackenzie Blackwood with a rebound.
15:32 of 1st period - Snap shot by Tanner Pearson.
15:32 of 1st period - Shot Misses the Net.
16:02 of 1st period - Josh Bailey is hit by John Tavares and loses puck.
16:07 of 1st period - Snap shot by Nikita Kucherov.
16:07 of 1st period - Shot Blocked by Josh Bailey.
16:09 of 1st period - Snap shot by Timo Meier.
16:09 of 1st period - Deflect By Nikita Kucherov.
16:09 of 1st period - Stopped by Mackenzie Blackwood without a rebound.
16:10 of 1st period - Tanner Pearson wins face-off versus Jordan Staal in Jets zone.
16:17 of 1st period - Snap shot by Conor Garland.
16:17 of 1st period - Shot Misses the Net.
16:19 of 1st period - Snap shot by Conor Garland.
16:19 of 1st period - Shot Misses the Net.
16:33 of 1st period - Minor Penalty to Conor Garland for Delaying the game.
16:34 of 1st period - John Tavares wins face-off versus Jordan Staal in Jets zone.
17:09 of 1st period - Slapshot by Kyle Palmieri.
17:09 of 1st period - Stopped by Mackenzie Blackwood with a rebound.
17:11 of 1st period - Snap shot by Andrew Copp.
17:11 of 1st period - Deflect By Kyle Palmieri.
17:11 of 1st period - Goal by Kyle Palmieri - Canucks : 1 - Jets : 0.
17:12 of 1st period - Casey Mittelstadt wins face-off versus John Tavares in neutral zone.
17:41 of 1st period - Snap shot by John Klingberg.
17:41 of 1st period - Stopped by Mackenzie Blackwood without a rebound.
17:42 of 1st period - Alexander Kerfoot wins face-off versus Mark Scheifele in Jets zone.
17:49 of 1st period - Snap shot by Sam Reinhart.
17:49 of 1st period - Shot Misses the Net.
17:51 of 1st period - Slapshot by Sam Reinhart.
17:51 of 1st period - Stopped by Joonas Korpisalo without a rebound.
17:52 of 1st period - Jordan Staal wins face-off versus Andrew Copp in Canucks zone.
17:55 of 1st period - Snap shot by Kyle Connor.
17:55 of 1st period - Stopped by Joonas Korpisalo with a rebound.
18:39 of 1st period - Wrist shot by Mark Scheifele.
18:39 of 1st period - Shot Misses the Net.
18:41 of 1st period - Slapshot by Vince Dunn.
18:41 of 1st period - Stopped by Joonas Korpisalo with a rebound.
18:43 of 1st period - Wrist shot by Mark Scheifele.
18:43 of 1st period - Shot Blocked by Alexander Kerfoot.
18:45 of 1st period - Snap shot by Vince Dunn.
18:45 of 1st period - Stopped by Joonas Korpisalo with a rebound.
19:42 of 1st period - Wrist shot by John Tavares.
19:42 of 1st period - Shot Misses the Net.
19:44 of 1st period - Slapshot by Ryan McDonagh.
19:44 of 1st period - Shot Blocked by Esa Lindell.
Goals for this period are 1 for Canucks vs 0 for Jets.
Shots for this period are 10 for Canucks vs 13 for Jets.

2nd period


0:01 of 2nd period - Jordan Staal wins face-off versus David Kampf in neutral zone.
0:26 of 2nd period - Ryan McDonagh is hit by Josh Bailey and loses puck.
1:03 of 2nd period - Wrist shot by Sam Reinhart.
1:03 of 2nd period - Shot Blocked by Justin Schultz.
1:05 of 2nd period - Wrist shot by Sam Reinhart.
1:05 of 2nd period - Goal by Sam Reinhart - Canucks : 1 - Jets : 1.
1:06 of 2nd period - Andrew Copp wins face-off versus Jordan Staal in neutral zone.
1:36 of 2nd period - Snap shot by Mark Scheifele.
1:36 of 2nd period - Stopped by Joonas Korpisalo with a rebound.
1:56 of 2nd period - Zach Aston-Reese is hit by Trent Frederic and loses puck.
2:03 of 2nd period - Slapshot by Andrei Kuzmenko.
2:03 of 2nd period - Stopped by Mackenzie Blackwood with a rebound.
2:05 of 2nd period - Wrist shot by Andrei Kuzmenko.
2:05 of 2nd period - Shot Misses the Net.
2:14 of 2nd period - Off-side.
2:15 of 2nd period - Casey Mittelstadt wins face-off versus Andrew Copp in neutral zone.
2:28 of 2nd period - Snap shot by Quinn Hughes.
2:28 of 2nd period - Shot Blocked by Vince Dunn.
2:30 of 2nd period - Wrist shot by Kyle Palmieri.
2:30 of 2nd period - Stopped by Mackenzie Blackwood without a rebound.
2:31 of 2nd period - Jordan Staal wins face-off versus John Tavares in Jets zone.
2:42 of 2nd period - Matt Roy is hit by Timo Meier and loses puck.
3:26 of 2nd period - Snap shot by Casey Mittelstadt.
3:26 of 2nd period - Stopped by Joonas Korpisalo with a rebound.
3:41 of 2nd period - Wrist shot by Quinn Hughes.
3:41 of 2nd period - Shot Blocked by Blake Lizotte.
3:49 of 2nd period - Andrei Kuzmenko is hit by Chris Tierney and loses puck.
4:00 of 2nd period - Jordan Staal is hit by Timo Meier and loses puck.
4:28 of 2nd period - Snap shot by Andrew Copp.
4:28 of 2nd period - Shot Misses the Net.
4:30 of 2nd period - Slapshot by Damon Severson.
4:30 of 2nd period - Stopped by Mackenzie Blackwood without a rebound.
4:31 of 2nd period - Jordan Staal wins face-off versus Noah Cates in Jets zone.
5:03 of 2nd period - Wrist shot by Kyle Palmieri.
5:03 of 2nd period - Deflect By Tanner Pearson.
5:03 of 2nd period - Stopped by Mackenzie Blackwood without a rebound.
5:04 of 2nd period - John Tavares wins face-off versus Casey Mittelstadt in Jets zone.
5:05 of 2nd period - Snap shot by Nikita Kucherov.
5:05 of 2nd period - Shot Misses the Net.
5:39 of 2nd period - Minor Penalty to Tanner Pearson for Goalie Interference.
5:40 of 2nd period - Jordan Staal wins face-off versus David Kampf in Canucks zone.
6:22 of 2nd period - Snap shot by Casey Mittelstadt.
6:22 of 2nd period - Stopped by Joonas Korpisalo without a rebound.
6:23 of 2nd period - Mark Scheifele wins face-off versus David Kampf in Canucks zone.
6:48 of 2nd period - Jonas Brodin is hit by Damon Severson and loses puck.
7:22 of 2nd period - Icing by Conor Garland.
7:23 of 2nd period - David Kampf wins face-off versus Mark Scheifele in Jets zone.
7:26 of 2nd period - Slapshot by Noah Cates.
7:26 of 2nd period - Shot Misses the Net.
7:34 of 2nd period - Nick Leddy is hit by Noah Cates and loses puck.
7:39 of 2nd period - Penalty to Tanner Pearson is over, Tanner Pearson is back on ice.
7:41 of 2nd period - David Kampf is hit by Conor Garland and loses puck.
7:58 of 2nd period - Snap shot by Mark Scheifele.
7:58 of 2nd period - Stopped by Joonas Korpisalo with a rebound.
8:00 of 2nd period - Wrist shot by Casey Mittelstadt.
8:00 of 2nd period - Shot Misses the Net.
8:06 of 2nd period - Wrist shot by Casey Mittelstadt.
8:06 of 2nd period - Stopped by Joonas Korpisalo with a rebound.
8:08 of 2nd period - Slapshot by Vince Dunn.
8:08 of 2nd period - Shot Misses the Net.
8:30 of 2nd period - Conor Garland is hit by Noah Cates and loses puck.
9:08 of 2nd period - Snap shot by Conor Garland.
9:08 of 2nd period - Stopped by Joonas Korpisalo with a rebound.
9:10 of 2nd period - Wrist shot by Conor Garland.
9:10 of 2nd period - Stopped by Joonas Korpisalo without a rebound.
9:11 of 2nd period - Blake Lizotte wins face-off versus John Tavares in Canucks zone.
9:12 of 2nd period - Wrist shot by Jonas Brodin.
9:12 of 2nd period - Shot Blocked by Alec Martinez.
9:16 of 2nd period - Slapshot by Jonas Brodin.
9:16 of 2nd period - Shot Blocked by Justin Schultz.
9:18 of 2nd period - Wrist shot by Chris Tierney.
9:18 of 2nd period - Shot Misses the Net.
9:20 of 2nd period - Snap shot by Zach Aston-Reese.
9:20 of 2nd period - Goal by Zach Aston-Reese - Canucks : 1 - Jets : 2.
9:21 of 2nd period - Blake Lizotte wins face-off versus John Tavares in neutral zone.
9:24 of 2nd period - Justin Schultz is hit by Zach Aston-Reese and loses puck.
9:32 of 2nd period - Icing by Timo Meier.
9:33 of 2nd period - John Tavares wins face-off versus Blake Lizotte in Canucks zone.
9:33 of 2nd period - John Tavares is hit by Jonas Brodin.
9:47 of 2nd period - John Tavares is hit by Zach Aston-Reese.
10:11 of 2nd period - Wrist shot by Blake Lizotte.
10:11 of 2nd period - Stopped by Joonas Korpisalo without a rebound.
10:12 of 2nd period - Mark Scheifele wins face-off versus Andrew Copp in Canucks zone.
10:21 of 2nd period - Wrist shot by Sam Reinhart.
10:21 of 2nd period - Stopped by Joonas Korpisalo with a rebound.
10:35 of 2nd period - Casey Mittelstadt is hit by Trent Frederic and loses puck.
10:51 of 2nd period - Off-side.
10:52 of 2nd period - Jordan Staal wins face-off versus David Kampf in neutral zone.
10:55 of 2nd period - Wrist shot by Kyle Connor.
10:55 of 2nd period - Stopped by Joonas Korpisalo without a rebound.
10:56 of 2nd period - David Kampf wins face-off versus Jordan Staal in Canucks zone.
10:56 of 2nd period - David Kampf is hit by Conor Garland.
11:08 of 2nd period - Snap shot by Noah Cates.
11:08 of 2nd period - Goal by Noah Cates - Canucks : 2 - Jets : 2.
11:09 of 2nd period - Andrew Copp wins face-off versus Mark Scheifele in neutral zone.
11:14 of 2nd period - Snap shot by Kyle Palmieri.
11:14 of 2nd period - Stopped by Mackenzie Blackwood with a rebound.
11:16 of 2nd period - Backhand shot by Tanner Pearson.
11:16 of 2nd period - Shot Blocked by Mark Scheifele.
11:18 of 2nd period - Slapshot by John Klingberg.
11:18 of 2nd period - Shot Blocked by Sam Reinhart.
11:20 of 2nd period - Slapshot by Tanner Pearson.
11:20 of 2nd period - Shot Blocked by Esa Lindell.
11:40 of 2nd period - Off-side.
11:41 of 2nd period - Casey Mittelstadt wins face-off versus David Kampf in neutral zone.
12:07 of 2nd period - Tanner Pearson is hit by Matt Roy and loses puck.
12:14 of 2nd period - Snap shot by Andrew Copp.
12:14 of 2nd period - Stopped by Mackenzie Blackwood without a rebound.
12:15 of 2nd period - Andrew Copp wins face-off versus Mark Scheifele in Jets zone.
12:30 of 2nd period - Snap shot by Sam Reinhart.
12:30 of 2nd period - Shot Misses the Net.
12:32 of 2nd period - Snap shot by Sam Reinhart.
12:32 of 2nd period - Stopped by Joonas Korpisalo with a rebound.
12:44 of 2nd period - Snap shot by Andrew Copp.
12:44 of 2nd period - Stopped by Mackenzie Blackwood with a rebound.
12:46 of 2nd period - Slapshot by Noah Cates.
12:46 of 2nd period - Goal by Noah Cates - Canucks : 3 - Jets : 2.
12:47 of 2nd period - Casey Mittelstadt wins face-off versus David Kampf in neutral zone.
12:54 of 2nd period - Slapshot by Vince Dunn.
12:54 of 2nd period - Deflect By Casey Mittelstadt.
12:54 of 2nd period - Stopped by Joonas Korpisalo with a rebound.
12:56 of 2nd period - Slapshot by Vince Dunn.
12:56 of 2nd period - Shot Misses the Net.
13:16 of 2nd period - Slapshot by Vince Dunn.
13:16 of 2nd period - Shot Blocked by Damon Severson.
13:18 of 2nd period - Slapshot by Nick Leddy.
13:18 of 2nd period - Stopped by Joonas Korpisalo with a rebound.
13:20 of 2nd period - Snap shot by Mark Scheifele.
13:20 of 2nd period - Shot Blocked by Quinn Hughes.
13:22 of 2nd period - Wrist shot by Anthony Beauvillier.
13:22 of 2nd period - Stopped by Joonas Korpisalo with a rebound.
13:24 of 2nd period - Snap shot by Anthony Beauvillier.
13:24 of 2nd period - Stopped by Joonas Korpisalo without a rebound.
13:25 of 2nd period - David Kampf wins face-off versus Josh Bailey in Canucks zone.
13:34 of 2nd period - Wrist shot by Casey Mittelstadt.
13:34 of 2nd period - Stopped by Joonas Korpisalo with a rebound.
13:41 of 2nd period - Minor Penalty to Sam Gagner for Boarding.
13:42 of 2nd period - Mark Scheifele wins face-off versus Andrew Copp in Jets zone.
14:28 of 2nd period - Nikita Zaitsev is hit by Nikita Kucherov and loses puck.
15:14 of 2nd period - Snap shot by Nikita Kucherov.
15:14 of 2nd period - Goal by Nikita Kucherov - Canucks : 4 - Jets : 2.
15:15 of 2nd period - Mark Scheifele wins face-off versus Andrew Copp in neutral zone.
15:18 of 2nd period - Slapshot by Esa Lindell.
15:18 of 2nd period - Shot Blocked by Quinn Hughes.
15:32 of 2nd period - Slapshot by Mark Scheifele.
15:32 of 2nd period - Deflect By Sam Reinhart.
15:32 of 2nd period - Stopped by Joonas Korpisalo with a rebound.
15:52 of 2nd period - Icing by Damon Severson.
15:53 of 2nd period - David Kampf wins face-off versus Kyle Connor in Canucks zone.
15:59 of 2nd period - Icing by Damon Severson.
16:00 of 2nd period - David Kampf wins face-off versus Jordan Staal in Canucks zone.
16:00 of 2nd period - David Kampf is hit by Conor Garland.
16:31 of 2nd period - Minor Penalty to Quinn Hughes for Tripping.
16:32 of 2nd period - Jordan Staal wins face-off versus Trent Frederic in Canucks zone.
17:45 of 2nd period - Alec Martinez is hit by Conor Garland and loses puck.
18:31 of 2nd period - Penalty to Quinn Hughes is over, Quinn Hughes is back on ice.
18:36 of 2nd period - Slapshot by Sam Reinhart.
18:36 of 2nd period - Shot Misses the Net.
18:38 of 2nd period - Slapshot by Vince Dunn.
18:38 of 2nd period - Deflect By Blake Lizotte.
18:38 of 2nd period - Stopped by Joonas Korpisalo without a rebound.
18:39 of 2nd period - Blake Lizotte wins face-off versus Tanner Pearson in Canucks zone.
18:54 of 2nd period - Wrist shot by Tanner Pearson.
18:54 of 2nd period - Stopped by Mackenzie Blackwood with a rebound.
19:18 of 2nd period - Icing by Esa Lindell.
19:19 of 2nd period - Mark Scheifele wins face-off versus Andrew Copp in Jets zone.
19:19 of 2nd period - Mark Scheifele is hit by Tanner Pearson.
Goals for this period are 3 for Canucks vs 2 for Jets.
Shots for this period are 11 for Canucks vs 20 for Jets.

3rd period


0:01 of 3rd period - Andrew Copp wins face-off versus Jordan Staal in neutral zone.
0:06 of 3rd period - Backhand shot by Tanner Pearson.
0:06 of 3rd period - Deflect By Kyle Palmieri.
0:06 of 3rd period - Stopped by Mackenzie Blackwood with a rebound.
0:08 of 3rd period - Snap shot by Andrew Copp.
0:08 of 3rd period - Goal by Andrew Copp - Canucks : 5 - Jets : 2.
0:08 of 3rd period - Ville Husso enters game.
0:09 of 3rd period - Andrew Copp wins face-off versus Sam Reinhart in neutral zone.
0:12 of 3rd period - Nikita Zaitsev is hit by Andrew Copp and loses puck.
0:39 of 3rd period - Slapshot by Justin Schultz.
0:39 of 3rd period - Shot Misses the Net.
0:41 of 3rd period - Slapshot by Alec Martinez.
0:41 of 3rd period - Deflect By Nikita Kucherov.
0:41 of 3rd period - Shot Misses the Net.
0:41 of 3rd period - Puck is out of play.
0:42 of 3rd period - Casey Mittelstadt wins face-off versus David Kampf in Jets zone.
1:34 of 3rd period - Anthony Beauvillier is hit by Kyle Palmieri.
2:02 of 3rd period - Noah Cates is hit by Matt Roy and loses puck.
2:17 of 3rd period - Snap shot by Josh Bailey.
2:17 of 3rd period - Stopped by Joonas Korpisalo with a rebound.
2:37 of 3rd period - Snap shot by Kyle Connor.
2:37 of 3rd period - Stopped by Joonas Korpisalo without a rebound.
2:38 of 3rd period - Mark Scheifele wins face-off versus John Tavares in Canucks zone.
2:59 of 3rd period - Wrist shot by Timo Meier.
2:59 of 3rd period - Deflect By Nikita Kucherov.
2:59 of 3rd period - Shot Blocked by Anthony Beauvillier.
2:59 of 3rd period - Puck is out of play.
3:00 of 3rd period - Andrew Copp wins face-off versus Jordan Staal in Jets zone.
3:01 of 3rd period - Snap shot by Kyle Palmieri.
3:01 of 3rd period - Deflect By Tanner Pearson.
3:01 of 3rd period - Stopped by Ville Husso without a rebound.
3:02 of 3rd period - Jordan Staal wins face-off versus Andrew Copp in Jets zone.
3:08 of 3rd period - Slapshot by Andrew Copp.
3:08 of 3rd period - Stopped by Ville Husso with a rebound.
3:10 of 3rd period - Snap shot by Kyle Palmieri.
3:10 of 3rd period - Deflect By Andrew Copp.
3:10 of 3rd period - Shot Misses the Net.
3:10 of 3rd period - Puck is out of play.
3:11 of 3rd period - Casey Mittelstadt wins face-off versus David Kampf in Jets zone.
3:36 of 3rd period - Casey Mittelstadt is hit by Timo Meier and loses puck.
3:51 of 3rd period - Slapshot by Vince Dunn.
3:51 of 3rd period - Shot Misses the Net.
4:03 of 3rd period - Casey Mittelstadt is hit by Tanner Pearson and loses puck.
4:32 of 3rd period - Snap shot by Noah Cates.
4:32 of 3rd period - Shot Blocked by Nick Leddy.
4:34 of 3rd period - Slapshot by Ryan McDonagh.
4:34 of 3rd period - Stopped by Ville Husso without a rebound.
4:35 of 3rd period - Nikita Kucherov wins face-off versus Jordan Staal in Jets zone.
4:35 of 3rd period - Timo Meier is hit by Nikita Zaitsev and loses puck.
4:45 of 3rd period - Snap shot by Jordan Staal.
4:45 of 3rd period - Stopped by Joonas Korpisalo with a rebound.
4:49 of 3rd period - Wrist shot by Kyle Connor.
4:49 of 3rd period - Stopped by Joonas Korpisalo without a rebound.
4:50 of 3rd period - Andrew Copp wins face-off versus Mark Scheifele in Canucks zone.
5:16 of 3rd period - Jonas Brodin is hit by Alexander Kerfoot.
5:44 of 3rd period - Esa Lindell is hit by Nikita Kucherov and loses puck.
5:59 of 3rd period - Snap shot by Anthony Duclair.
5:59 of 3rd period - Shot Blocked by Jonas Brodin.
6:01 of 3rd period - Slapshot by Quinn Hughes.
6:01 of 3rd period - Deflect By Sam Reinhart.
6:01 of 3rd period - Stopped by Ville Husso with a rebound.
6:29 of 3rd period - Andrew Copp is hit by Esa Lindell and loses puck.
7:35 of 3rd period - Nikita Zaitsev is hit by Ryan McDonagh and loses puck.
7:56 of 3rd period - Snap shot by Tanner Pearson.
7:56 of 3rd period - Shot Misses the Net.
8:38 of 3rd period - Slapshot by Quinn Hughes.
8:38 of 3rd period - Deflect By Andrei Kuzmenko.
8:38 of 3rd period - Stopped by Ville Husso without a rebound.
8:39 of 3rd period - Mark Scheifele wins face-off versus David Kampf in Jets zone.
8:44 of 3rd period - Ryan McDonagh is hit by Anthony Beauvillier and loses puck.
8:50 of 3rd period - Icing by Ryan McDonagh.
8:51 of 3rd period - David Kampf wins face-off versus Mark Scheifele in Canucks zone.
9:05 of 3rd period - Icing by Mark Scheifele.
9:06 of 3rd period - Tanner Pearson wins face-off versus Mark Scheifele in Jets zone.
9:09 of 3rd period - Snap shot by Kyle Palmieri.
9:09 of 3rd period - Stopped by Ville Husso with a rebound.
9:11 of 3rd period - Wrist shot by Tanner Pearson.
9:11 of 3rd period - Shot Blocked by Nikita Zaitsev.
9:13 of 3rd period - Wrist shot by Kyle Palmieri.
9:13 of 3rd period - Deflect By Andrew Copp.
9:13 of 3rd period - Stopped by Ville Husso with a rebound.
9:15 of 3rd period - Slapshot by Ryan McDonagh.
9:15 of 3rd period - Deflect By Andrew Copp.
9:15 of 3rd period - Stopped by Ville Husso without a rebound.
9:16 of 3rd period - Jordan Staal wins face-off versus Andrew Copp in Jets zone.
9:23 of 3rd period - Snap shot by Conor Garland.
9:23 of 3rd period - Stopped by Joonas Korpisalo without a rebound.
9:24 of 3rd period - David Kampf wins face-off versus Jordan Staal in Canucks zone.
9:24 of 3rd period - David Kampf is hit by Kyle Connor.
9:40 of 3rd period - David Kampf is hit by Vince Dunn and loses puck.
10:03 of 3rd period - Slapshot by Vince Dunn.
10:03 of 3rd period - Stopped by Joonas Korpisalo without a rebound.
10:04 of 3rd period - Kyle Palmieri wins face-off versus Sam Reinhart in Canucks zone.
10:31 of 3rd period - Sam Gagner is hit by John Tavares and loses puck.
10:38 of 3rd period - Ryan McDonagh is hit by Matt Roy and loses puck.
11:31 of 3rd period - Wrist shot by Mark Scheifele.
11:31 of 3rd period - Goal by Mark Scheifele - Canucks : 5 - Jets : 3.
11:32 of 3rd period - Mark Scheifele wins face-off versus John Tavares in neutral zone.
12:11 of 3rd period - Slapshot by Quinn Hughes.
12:11 of 3rd period - Stopped by Ville Husso with a rebound.
12:27 of 3rd period - Snap shot by Tanner Pearson.
12:27 of 3rd period - Shot Misses the Net.
12:29 of 3rd period - Wrist shot by Andrew Copp.
12:29 of 3rd period - Shot Misses the Net.
12:31 of 3rd period - Slapshot by Kyle Palmieri.
12:31 of 3rd period - Deflect By Tanner Pearson.
12:31 of 3rd period - Shot Misses the Net.
12:31 of 3rd period - Puck is out of play.
12:32 of 3rd period - Casey Mittelstadt wins face-off versus John Tavares in Jets zone.
12:37 of 3rd period - Alec Martinez is hit by Sam Gagner and loses puck.
13:15 of 3rd period - Ryan McDonagh is hit by Conor Garland and loses puck.
14:24 of 3rd period - Snap shot by Noah Cates.
14:24 of 3rd period - Stopped by Ville Husso with a rebound.
14:40 of 3rd period - Snap shot by Andrew Copp.
14:40 of 3rd period - Stopped by Ville Husso with a rebound.
15:20 of 3rd period - Slapshot by Quinn Hughes.
15:20 of 3rd period - Deflect By Timo Meier.
15:20 of 3rd period - Stopped by Ville Husso without a rebound.
15:21 of 3rd period - David Kampf wins face-off versus Sam Gagner in Jets zone.
15:34 of 3rd period - Snap shot by Justin Schultz.
15:34 of 3rd period - Deflect By David Kampf.
15:34 of 3rd period - Shot Misses the Net.
15:34 of 3rd period - Puck is out of play.
15:35 of 3rd period - Casey Mittelstadt wins face-off versus Nikita Kucherov in Jets zone.
15:35 of 3rd period - Casey Mittelstadt is hit by Timo Meier.
16:00 of 3rd period - Esa Lindell is hit by David Kampf and loses puck.
17:07 of 3rd period - Slapshot by Casey Mittelstadt.
17:07 of 3rd period - Shot Blocked by Alec Martinez.
17:09 of 3rd period - Slapshot by Vince Dunn.
17:09 of 3rd period - Stopped by Joonas Korpisalo without a rebound.
17:10 of 3rd period - Sam Gagner wins face-off versus David Kampf in Canucks zone.
17:14 of 3rd period - Minor Penalty to Justin Schultz for Interference.
17:15 of 3rd period - Mark Scheifele wins face-off versus Trent Frederic in Canucks zone.
17:15 of 3rd period - Slapshot by Casey Mittelstadt.
17:15 of 3rd period - Stopped by Joonas Korpisalo without a rebound.
17:16 of 3rd period - Mark Scheifele wins face-off versus Trent Frederic in Canucks zone.
17:19 of 3rd period - Snap shot by Conor Garland.
17:19 of 3rd period - Shot Misses the Net.
17:21 of 3rd period - Wrist shot by Conor Garland.
17:21 of 3rd period - Shot Misses the Net.
17:23 of 3rd period - Slapshot by Jonas Brodin.
17:23 of 3rd period - Stopped by Joonas Korpisalo with a rebound.
17:25 of 3rd period - Wrist shot by Conor Garland.
17:25 of 3rd period - Shot Blocked by Ryan McDonagh.
17:41 of 3rd period - Ryan McDonagh is hit by Kyle Connor.
19:14 of 3rd period - Penalty to Justin Schultz is over, Justin Schultz is back on ice.
19:51 of 3rd period - Nikita Zaitsev is hit by Damon Severson and loses puck.
19:56 of 3rd period - Snap shot by Andrew Copp.
19:56 of 3rd period - Stopped by Ville Husso with a rebound.
Goals for this period are 1 for Canucks vs 1 for Jets.
Shots for this period are 15 for Canucks vs 10 for Jets.